AoeStats
← 海峡

Arabia

508470538Analyzed
1v1 RM · 11d ago on Sep 22, 2026· 30m 4s· 2 players
Game mode
Random Map
Map size
Tiny (2 player)
Population
200
Speed
Normal
Resources
Standard
Victory
Conquest
Starting age
Dark Age
Ending age
Imperial Age
RankedLock teamsTeams togetherTeam positionsShared explorationLock speedFull tech treeHidden civsTurbo modeCheats
Victory
Defeat
🇩🇪 Franks · Germany
1664
+16
🇨🇳 Random · China
1654
-16
海峡
6:18 Loom
9:12 Feudal Age
9:25 Man-at-Arms
11:46 Double-Bit Axe
20:54 Castle Age
19:03 Scale Barding Armor
19:55 Bloodlines
19:57 Forging
19:43 Horse Collar
22:15 Bow Saw
edricsturm
6:19 Loom
9:02 Feudal Age
9:19 Man-at-Arms
11:50 Fletching
13:41 Double-Bit Axe
20:54 Castle Age
19:20 Gold Mining
19:46 Padded Archer Armor
21:31 Bodkin Arrow
20:56 Crossbowman
22:55 Bow Saw
26:05 Ballistics
26:46 Leather Archer Armor
Connection lost

Rejoining the realm…

Still unreachable

The connection could not be restored.

Session expired

The server has moved on; the page needs a fresh start.